 Dungeon Crawl Stone Soup version 0.29.0-5-ge4962eb29e (webtiles) character file.

Game seed: 9149309616168247751

184 SensoryNuts the Chopper (level 5, 0/46 HPs)
             Began as a Hill Orc Fighter on Aug 28, 2022.
             Slain by a bullfrog (3 damage)
             ... in a sewer.
             The game lasted 00:02:36 (3038 turns).

SensoryNuts the Chopper (Hill Orc Fighter)          Turns: 3038, Time: 00:02:37

Health: 0/46       AC:  7    Str: 21    XL:     5   Next: 64%
Magic:  5/5        EV:  3    Int:  8    God:
Gold:   96         SH: 12    Dex: 10    Spells: 4/4 levels left

rFire   . . .      SeeInvis .   a - +0 war axe
rCold   . . .      Faith    .   i - +0 tower shield
rNeg    . . .      Spirit   .   b - +0 scale mail
rPois   .          Reflect  .   (no helmet)
rElec   .          Harm     .   (no cloak)
rCorr   .          Rampage  .   (no gloves)
Will    .....                   (no boots)
Stlth   ..........              (no amulet)
HPRegen 0.15/turn               (no ring)
MPRegen 0.09/turn               (no ring)

@: mighty, hasted, constricted, quick
A: no striking features
a: no special abilities


You were in a sewer.
You visited 1 branch of the dungeon, and saw 3 of its levels.
You also visited: Sewer.

You collected 96 gold pieces.

Inventory:

Hand Weapons
 a - a +0 war axe (weapon)
Armour
 b - a +0 scale mail (worn)
 i - a +0 tower shield (worn)
Scrolls
 c - 2 scrolls of identify
 h - a scroll of acquirement {unknown}
 k - a scroll of fear
 l - a scroll of immolation {unknown}
 o - a scroll of teleportation
Potions
 e - 2 potions of cancellation
 f - a potion of mutation
 j - a potion of magic {unknown}
 m - a potion of brilliance {unknown}
 n - a potion of heal wounds {unknown}
 p - a potion of flight {unknown}


   Skills:
 + Level 4.2 Fighting
 * Level 5.1 Axes
 + Level 4.2 Armour
 + Level 0.4 Dodging
 + Level 4.4 Shields


You had 4 spell levels left.
You didn't know any spells.
Your spell library was empty.

Dungeon Overview and Level Annotations

Branches:
Dungeon (3/15)              Sewer (1/1)

Altars:


Message History

You hit the bullfrog but do no damage.
You feel sick. You block the bullfrog's attack. The bullfrog hits you.
The ball python bites you but does no damage.
You block the ball python's attack.
The adder bites you but does no damage. x2
The bullfrog hits you but does no damage.
The bullfrog hits you. The ball python bites you. The ball python grabs you.
The ball python constricts you. The adder bites you but does no damage.
The adder barely misses you. The bullfrog hits you.
You are too injured to fight recklessly!
Unknown command.
You are too injured to fight recklessly!
Unknown command.
You are too injured to fight recklessly!
Unknown command.
You are too injured to fight recklessly!
Unknown command.
You feel very mighty all of a sudden.
You feel sick. You block the bullfrog's attack.
You block the ball python's attack. The ball python constricts you.
The bullfrog hits you.
* * * LOW HITPOINT WARNING * * *
The adder bites you but does no damage. The adder bites you.
* * * LOW HITPOINT WARNING * * *
The bullfrog hits you but does no damage.
It was a potion of haste.
You feel yourself speed up.
You feel sick. You block the bullfrog's attack.
You block the ball python's attack. The ball python constricts you.
The adder bites you.
* * * LOW HITPOINT WARNING * * *
You block the adder's attack. You block the bullfrog's attack.
The endoplasm jiggles.
The bullfrog hits you.
* * * LOW HITPOINT WARNING * * *
The ball python bites you but does no damage.
The ball python constricts you. Why would you want to do that?
The ball python's grasp on you weakens, but your attempt to escape fails.
You feel sick.
You are no longer poisoned.
The adder barely misses you. The bullfrog hits you.
You die...

######################
....~~≈≈≈~~≈~~≈≈≈≈~#.###
....≈≈≈≈≈~..~≈≈~~≈~....#
....~≈SS~≈~~#~~~≈≈≈.....
....≈JS@≈~≈≈≈≈≈~~~~.....
....~~FF~≈≈≈≈≈~≈≈~≈.....
...#~~≈≈≈≈≈≈≈≈≈≈≈≈~.....
+# ##################...
####.. #..#.. #..'..
#####. ##..


You could see 2 bullfrogs, 2 adders, an endoplasm and a ball python.

Vanquished Creatures
  7 adders
  7 river rats (Sewer)
  A dart slug (D:2)
  An orc (D:2)
  4 endoplasms
  A giant cockroach (D:1)
  4 hobgoblins
  3 kobolds
  5 quokkas
  11 ball pythons
  3 bats
  6 frilled lizards
  A goblin (D:1)
  18 rats (Sewer)
72 creatures vanquished.

Notes
Turn   | Place    | Note
-------+----------+-------------------------------------------
     0 | D:1      | SensoryNuts the Hill Orc Fighter began the quest for the
                  | Orb.
     0 | D:1      | Reached XP level 1. HP: 19/19 MP: 1/1
   112 | D:1      | Found a faded altar of an unknown god.
   472 | D:1      | Reached XP level 2. HP: 27/27 MP: 2/2
   808 | D:1      | Reached skill level 3 in Axes
   979 | D:2      | Reached XP level 3. HP: 27/33 MP: 3/3
  1642 | D:2      | Reached XP level 4. HP: 40/40 MP: 4/4
  2011 | D:3      | Found a glowing drain.
  2023 | Sewer    | Entered a sewer
  2205 | Sewer    | Reached skill level 4 in Axes
  2582 | Sewer    | Reached XP level 5. HP: 29/46 MP: 5/5
  2937 | Sewer    | Reached skill level 5 in Axes
  3038 | Sewer    | Slain by a bullfrog

Illustrated notes

Levels and vault maps discovered:
D:1:      shiori_arrival_elements, layout_loops_ring,
          hellmonk_ecumenical_altar_arch_garden, chequers_serial_rivers_micro_a
D:2:      layout_rooms
D:3:      layout_loops_corners, portal_sewer_entry_d, uniq_sigmund
Sewer:    sewer_minmay_w

Skill      XL: |  1  2  3  4  5 |
---------------+----------------+-----
Axes           | 3 4 5 |  5.1
Shields        | 4 |  4.4
Fighting       | 4 |  4.2
Armour         | 4 |  4.2
Dodging        | |  0.4

Action                   |  1- 3 |  4- 6 || total
-------------------------+-------+-------++-------
Melee: War axe           |   102 |   115 ||   217
  Use: Scroll            |     5 |     3 ||     8
       Potion            |     2 |     5 ||     7
Armor: Scale mail        |    63 |   102 ||   165
Dodge: Dodged            |    27 |    42 ||    69
Block: Tower shield      |    78 |   133 ||   211
       Buckler           |     2 |       ||     2
